 Dungeon Crawl Stone Soup version 0.13.0-18-g7b03ea5 (webtiles) character file.

1077 Ragg the Cudgeler (level 8, -5/49 HPs)
             Began as a Gargoyle Berserker on Oct 23, 2013.
             Was an Elder of Trog.
             Slain by an ice beast (11 damage)
             ... on Level 5 of the Dungeon.
             The game lasted 00:19:01 (3469 turns).

Ragg the Cudgeler (Gargoyle Berserker)              Turns: 3469, Time: 00:19:04

HP  -5/49        AC 10     Str 21      XL: 8   Next:  7%
MP   7/7         EV 12     Int 11      God: Trog [****..]
Gold 179         SH  0     Dex  9      Spells:  0 memorised,  7 levels left

Res.Fire  : . . .   See Invis. : .   a - +1 mace (curse)
Res.Cold  : . . .   Warding    : .   i - +0 leather armour
Life Prot.: + . .   Conserve   : .   (no shield)
Res.Poison: +       Res.Corr.  : .   (no helmet)
Res.Elec. : +       Clarity    : .   (no cloak)
Sust.Abil.: . .     Spirit.Shd : .   (no gloves)
Res.Mut.  : .       Rnd.Telep. : +   (no boots)
Res.Rott. : +       Flight     : .   (no amulet)
Saprovore : . . .                    n - cursed ring of teleportation
                                     l - cursed -2 ring of dexterity

@: invisible, confused, brilliant, very slightly contaminated, slightly
resistant to hostile enchantments, very unstealthy
A: fangs 1, talons 2, life protection 1, electricity resistance, slow metabolism
1, unbreathing, petrification resistance, AC +7, Int -2
a: Burn Spellbooks, Berserk, Trog's Hand, Brothers in Arms, Renounce Religion,
Evoke Teleportation


You were on level 5 of the Dungeon.
You worshipped Trog.
Trog was greatly pleased with you.
You were hungry.

You visited 1 branch of the dungeon, and saw 5 of its levels.

You collected 159 gold pieces.

Inventory:

Hand weapons
 a - a cursed +1,+1 mace (weapon)
 p - a +0,+0 great mace
Armour
 i - a +0 leather armour (worn)
Comestibles
 c - 4 bread rations
 t - an apple
 x - a choko
 z - a meat ration
Scrolls
 g - a scroll of teleportation
 j - 2 scrolls of identify
Jewellery
 l - a cursed -2 ring of dexterity (left hand)
 n - a cursed ring of teleportation (right hand)
 q - an uncursed ring of invisibility
Potions
 b - a potion of slowing {unknown}
 d - a potion of invisibility
 e - a potion of speed {unknown}
 f - 2 potions of brilliance
 h - a potion of restore abilities
 k - a potion of curing
 o - a potion of mutation
 r - a potion of poison {unknown}
 v - a potion of heal wounds


   Skills:
 + Level 5.0 Fighting
 + Level 5.8 Maces & Flails
 + Level 4.0 Armour
 + Level 4.9 Dodging
 + Level 2.3 Stealth


You had 7 spell levels left.
You didn't know any spells.

Dungeon Overview and Level Annotations

Branches:
Dungeon (5/27)
 Temple: D:4-7

Altars:
Cheibriados
Xom


Innate Abilities, Weirdness & Mutations

You are resistant to torment.
You are immune to poison.
Your stone body is very resilient (AC +5).
You have very sharp teeth.
You have razor-sharp toenails.
You resist negative energy.
You are resistant to electric shocks.
You have a slow metabolism.
You can survive without breathing.
You are immune to petrification.
You are partially covered in thin metallic scales (AC +2).
You are dopey. (Int -2)


Message History

You hear some strange, mumbled words.
The magic dart hits you!
You see here an orcish club.
You are too confused!
You are too confused!
You are too confused!
The ice beast barely misses you.
You miss the ice beast. Your kick misses the ice beast.
The ice beast is lightly wounded.
The ice beast barely misses you. The puff of flame hits you!
* * * LOW HITPOINT WARNING * * *
You hear some strange, mumbled words.
Something tries to affect you, but you resist.
You barely miss the ice beast.
You claw the ice beast, but do no damage.
The ice beast is lightly wounded.
The ice beast hits you.
* * * LOW HITPOINT WARNING * * *
The ice beast freezes you!
You die...

#.......# #####
###.......###...#
#...........<....#
#.############...# #
##### #...#### #..)#
#......# #.>.##
#......# . #..).#
###....##.. ##.@.#
#.#####.. #.I.# #.# #..
##.## #.# #.. #.# #.#
#.## #.# #.# #...
....##.#######.#####...
..................)....
....##.###.....#####.##
#.# #.....### #...


You could see an ice beast.

Vanquished Creatures
  Purgy (D:3)
  A phantom (D:4)
  2 ogres (D:5)
  The ghost of Ragg the Cudgeler, an average GrBe of Trog (D:3)
  A hound (D:4)
  2 orc priests
  An orc wizard (D:3)
  3 scorpions
  3 worker ants (D:5)
  8 adders
  A giant mite (D:4)
  2 worms
  A giant gecko (D:2)
  11 orcs
  13 goblins
  8 hobgoblins
  4 jackals (D:5)
  5 quokkas
  3 ball pythons
  11 bats
  4 giant cockroaches
  4 giant newts
  13 kobolds
  11 rats
114 creatures vanquished.

Notes
Turn   | Place    | Note
--------------------------------------------------------------
     0 | D:1      | Ragg, the Gargoyle Berserker, began the quest for the Orb.
     0 | D:1      | Reached XP level 1. HP: 14/14 MP: 0/0
   130 | D:1      | Reached XP level 2. HP: 9/19 MP: 1/1
   185 | D:1      | Acquired Trog's second power
   599 | D:1      | Reached XP level 3. HP: 24/24 MP: 2/2
   989 | D:2      | Reached XP level 4. HP: 21/28 MP: 3/3
  1071 | D:2      | Reached skill level 4 in Fighting
  1689 | D:3      | Noticed Ragg's ghost (average GrBe)
  1697 | D:3      | Killed Ragg's ghost
  1697 | D:3      | Reached skill level 1 in Stealth
  1697 | D:3      | Reached XP level 5. HP: 9/33 MP: 4/4
  1873 | D:3      | Found a snail-covered altar of Cheibriados.
  1895 | D:3      | Found a shimmering altar of Xom.
  2002 | D:3      | Noticed Purgy
  2016 | D:3      | Killed Purgy
  2016 | D:3      | Reached XP level 6. HP: 28/39 MP: 5/5
  2423 | D:4      | Acquired Trog's third power
  2591 | D:4      | Reached skill level 5 in Maces & Flails
  2591 | D:4      | Reached XP level 7. HP: 32/44 MP: 6/6
  3130 | D:5      | Entered Level 5 of the Dungeon
  3280 | D:5      | Reached skill level 5 in Fighting
  3280 | D:5      | Reached XP level 8. HP: 27/49 MP: 7/7
  3459 | D:5      | Gained mutation: You are partially covered in thin metallic scales (AC +2). [potion of mutation]
  3459 | D:5      | Gained mutation: You are dopey. (Int -2) [potion of mutation]
  3469 | D:5      | Slain by an ice beast

Action                   |  1- 3 |  4- 6 |  7- 9 || total
-------------------------+-------+-------+-------++-------
Melee: Mace              |    87 |   128 |   126 ||   341
Invok: Berserk           |       |     2 |     1 ||     3
  Use: Scroll            |       |     5 |     5 ||    10
       Potion            |       |       |     6 ||     6
 Stab: Sleeping          |       |     1 |     5 ||     6
       Invisible         |       |       |     2 ||     2
